Map: Artillería pesada EE

Players

MrFercho

  • Race: Zerg Zerg
  • League: Silver
  • Spawn Location: 7:00

TATORREA

  • Race: Protoss Protoss
  • League: Silver
  • Spawn Location: 7:00

OumegSpace - Winner!

  • Race: Terran Terran
  • League: Silver
  • Spawn Location: 3:00

NeonXsx - Winner!

  • Race: Zerg Zerg
  • League: Bronze
  • Spawn Location: 1:00

VOD

Have the link to the VOD?

Description

Time

  • Played on: May 21, 2020, 9:05 p.m.
  • Length: 22:06
Show
View Real Time Build Order
Export as new Build Order

MrFercho Zerg 

Build Orders: Pool First 

Get SALT Encoding   

  12  0:01  Drone  
  13  0:13  Overlord  
  13  0:21  Extractor  
  12  0:22  Drone  
  12  0:25  Extractor  
  12  0:26  Drone  
  13  0:31  Drone  
  14  0:38  Drone  
  15  1:00  Drone x2  
  17  1:05  Spawning Pool  
  17  1:10  Drone  
  17  1:28  Drone  
  18  1:35  Drone  
  19  1:40  Drone  
  20  1:50  Drone  
  20  1:52  Metabolic Boost  
  21  2:01  Overlord  
  21  2:14  Drone  
  22  2:19  Queen  
  24  2:29  Roach Warren  
  23  2:33  Spine Crawler  
  22  2:40  Spine Crawler, Drone x2  
  23  2:55  Drone x2  
  23  2:57  Hatchery  
  24  3:12  Drone  
  25  3:19  Lair  
  25  3:24  Drone  
  27  3:27  Drone  
  27  3:31  Zergling x2, Roach  
  27  3:33  Overlord  
  30  4:12  Evolution Chamber  
  30  4:14  Evolution Chamber  
  28  4:20  Roach x6  
  40  4:29  Glial Reconstitution  
  40  4:41  Drone x2  
  40  4:42  Drone  
  43  4:47  Overlord  
  43  4:48  Overlord  
  43  4:55  Overseer  
  43  5:20  Overseer  
  43  5:33  Roach x4  
  51  5:38  Roach  
  51  5:39  Roach x2  
  57  5:49  Zerg Ground Armor Level 1  
  57  5:51  Zerg Missile Weapons Level 1  
  57  5:52  Tunneling Claws  
  57  6:29  Burrow  
  53  7:28  Spore Crawler  
  46  7:30  Spore Crawler  
  46  7:32  Spore Crawler  
  40  7:58  Zerg Ground Armor Level 2  
  40  8:02  Spire  
  39  8:06  Queen  
  41  8:15  Overlord x2  
  41  8:16  Overlord  
  41  8:54  Hatchery  
  40  9:04  Spire  
  39  9:16  Zerg Flyer Armor Level 1  
  39  9:29  Queen  
  39  9:30  Queen  
  43  9:32  Extractor  
  43  9:35  Extractor  
  41  9:38  Mutalisk  
  41  9:39  Mutalisk x4  
  41  9:43  Overlord  
  51  10:04  Pneumatized Carapace  
  51  10:11  Queen x3, Drone  
  51  10:12  Queen, Drone x8  
  60  10:33  Drone x5  
  65  10:43  Hydralisk Den  
  64  11:01  Queen  
  64  11:03  Drone  
  64  11:04  Drone x5  
  72  11:06  Overlord x2  
  72  11:32  Grooved Spines  
  72  11:39  Overseer  
  63  12:08  Spore Crawler  
  60  12:10  Spore Crawler  
  59  12:23  Spore Crawler  
  59  12:25  Mutalisk x10  
  78  12:34  Zerg Missile Weapons Level 2  
  78  12:43  Muscular Augments  
  78  13:08  Mutalisk x2  
  78  13:09  Mutalisk  
  78  13:10  Hydralisk  
  86  13:29  Hatchery  
  85  13:38  Extractor  
  84  13:41  Extractor  
  65  14:43  Corruptor  
  65  14:44  Corruptor x8  
  75  14:51  Zerg Flyer Weapons Level 1  
  75  14:59  Drone x2  
  53  15:38  Corruptor  
  53  15:39  Corruptor x2  
  37  16:25  Roach x7  
  37  16:29  Spine Crawler  
  36  16:38  Drone  
  22  19:15  Corruptor x3  
  22  19:16  Corruptor  
  16  21:22  Zergling x2  
  16  21:23  Zergling x10  
Show
View Real Time Build Order
Export as new Build Order

TATORREA Protoss 

Build Orders: Carriers 

Get SALT Encoding   

  12  0:02  Probe  
  13  0:31  Probe  
  14  0:42  Pylon  
  14  0:44  Probe  
  15  0:56  Assimilator  
  15  1:00  Probe  
  16  1:17  Probe  
  17  1:25  Gateway  
  17  1:28  Gateway  
  17  1:29  Probe  
  18  1:48  Pylon  
  18  1:50  Probe  
  18  1:51  Pylon  
  19  1:56  Pylon  
  19  2:01  Assimilator  
  19  2:02  Probe  
  20  2:14  Probe  
  21  2:26  Probe  
  22  2:48  Cybernetics Core  
  22  2:49  Pylon, Forge  
  22  2:53  Pylon  
  24  3:05  Zealot  
  24  3:07  Nexus  
  24  3:14  Zealot  
  26  3:21  Probe  
  26  3:24  Protoss Ground Weapons Level 1  
  27  3:27  Warp Gate  
  27  3:39  Twilight Council  
  27  3:40  Probe  
  28  3:51  Stalker  
  28  3:52  Probe  
  31  4:02  Stalker  
  33  4:04  Probe  
  34  4:16  Probe  
  35  4:17  Charge  
  35  4:22  Probe  
  36  4:29  Probe  
  37  4:34  Probe  
  38  4:41  Probe  
  39  4:46  Probe  
  39  4:51  Stalker x2  
  44  4:53  Probe  
  44  4:58  Probe  
  46  5:04  Assimilator  
  46  5:05  Probe  
  46  5:06  Assimilator  
  47  5:10  Probe  
  48  5:18  Probe, Stargate  
  49  5:21  Stargate  
  49  5:23  Probe  
  49  5:25  Robotics Facility  
  50  5:30  Probe  
  50  5:35  Probe  
  52  5:42  Probe  
  53  5:43  Protoss Ground Weapons Level 2  
  53  5:58  Probe x2  
  53  6:00  Protoss Air Weapons Level 1  
  55  6:05  Void Ray  
  55  6:10  Probe  
  48  7:10  Stalker x2  
  48  7:14  Void Ray x2  
  60  7:27  Probe x2  
  62  7:33  Immortal  
  62  7:35  Nexus  
  66  7:39  Probe x2  
  68  7:47  Blink  
  68  7:50  Stalker x2  
  73  7:51  Probe x2  
  74  8:03  Probe x2, Robotics Bay  
  76  8:08  Fleet Beacon  
  76  8:15  Probe x2  
  76  8:16  Assimilator  
  78  8:20  Assimilator  
  78  8:34  Pylon  
  78  8:36  Pylon  
  78  8:39  Pylon  
  78  8:43  Pylon  
  78  8:45  Pylon  
  78  8:46  Void Ray x2  
  86  8:52  Pylon  
  86  8:54  Pylon  
  86  9:10  Colossus  
  86  9:12  Extended Thermal Lance  
  86  9:16  Flux Vanes  
  92  9:29  Void Ray x2  
  100  9:45  Protoss Air Weapons Level 2 (Chrono Boost)  
  100  10:07  Nexus  
  100  10:18  Protoss Ground Weapons Level 3  
  100  10:19  Void Ray x2  
  108  10:25  Colossus  
  114  10:33  Stalker x2  
  118  10:41  Gateway  
  118  10:43  Gateway  
  118  10:44  Gateway  
  118  10:46  Gateway  
  118  10:50  Gateway  
  118  10:51  Gateway  
  118  10:54  Gateway  
  118  10:55  Gateway  
  118  11:01  Gateway  
  118  11:02  Probe x2  
  118  11:03  Probe, Gateway  
  121  11:15  Stalker x2  
  125  11:21  Carrier x2  
  137  11:27  Colossus  
  143  12:32  Stalker x3  
  143  12:33  Stalker  
  143  12:34  Stalker x3  
  143  12:35  Stalker x3  
  163  12:54  Pylon  
  163  12:57  Pylon  
  163  13:00  Pylon  
  163  13:06  Pylon  
  163  13:11  Pylon  
  163  13:12  Carrier  
  169  13:14  Pylon  
  169  13:15  Carrier, Zealot x2  
  169  13:18  Pylon  
  179  13:23  Pylon  
  179  13:26  Pylon  
  69  14:38  Stalker  
  69  14:39  Stalker x5  
  69  14:40  Stalker x3  
  69  14:41  Stalker x3  
  93  14:46  Carrier x2  
  93  14:48  Colossus  
  111  15:10  Protoss Ground Armor Level 1  
  111  15:16  Nexus  
  111  15:22  Stalker x5  
  111  15:23  Stalker  
  111  15:24  Stalker x3  
  111  15:25  Stalker x2  
  111  15:26  Stalker  
  135  15:29  Protoss Air Weapons Level 3  
  69  16:10  Stalker x2  
  69  16:11  Stalker x3  
  63  16:12  Stalker x5  
  63  16:13  Stalker x2  
  81  16:22  Void Ray x2  
  85  16:45  Zealot x2  
  85  16:46  Zealot x2  
  85  16:47  Zealot x2  
  97  17:04  Void Ray x2  
  105  17:18  Protoss Shields Level 1  
  105  17:32  Assimilator  
  105  17:34  Assimilator  
  61  17:53  Stalker  
  61  17:54  Stalker x4  
  61  17:55  Stalker x2  
  75  18:00  Void Ray  
  75  18:01  Void Ray  
  83  18:21  Protoss Air Armor Level 1  
  83  18:25  Nexus  
  83  18:40  Pylon  
  83  18:43  Pylon  
  83  18:48  Zealot x2  
  83  18:49  Zealot x3  
  83  18:50  Zealot  
  83  18:51  Zealot x3  
  83  18:52  Zealot  
  83  18:55  Void Ray  
  107  18:58  Void Ray  
  111  19:21  Stalker x3  
  111  19:22  Stalker x2  
  121  19:27  Protoss Ground Armor Level 2  
  121  19:38  Void Ray  
  101  19:48  Stalker  
  103  20:05  Stalker  
  103  20:06  Stalker  
  103  20:07  Stalker  
  109  20:09  Zealot  
  111  20:30  Zealot x3  
  95  21:10  Nexus  
Show
View Real Time Build Order
Export as new Build Order

OumegSpace Terran - Winner!

Build Orders:  

Get SALT Encoding   

  12  2:04  SCV  
  13  2:13  Supply Depot  
  13  2:16  SCV  
  14  2:28  SCV  
  15  2:37  Barracks  
  15  2:42  SCV  
  16  2:45  Refinery  
  16  2:54  SCV  
  17  3:06  SCV  
  18  3:31  SCV  
  19  3:37  Barracks  
  19  3:43  SCV  
  20  3:49  Refinery  
  20  3:54  Barracks Reactor  
  20  3:55  SCV  
  21  4:13  SCV  
  22  4:28  Factory  
  22  4:37  Marine  
  23  4:42  Supply Depot  
  23  5:02  Supply Depot  
  23  5:03  SCV, Marine  
  25  5:18  Supply Depot  
  25  5:25  Factory Tech Lab  
  25  5:29  Barracks Tech Lab  
  25  5:33  Supply Depot  
  25  5:36  Supply Depot  
  25  5:40  SCV  
  26  5:49  Barracks  
  26  5:53  Marine x2  
  28  5:58  Siege Tank  
  31  6:10  Engineering Bay  
  31  6:18  Marine x2  
  32  6:21  Marauder  
  35  6:25  Command Center  
  34  6:46  Supply Depot  
  34  6:47  Marine x2  
  34  6:48  Siege Tank  
  34  6:53  Marine  
  40  7:11  Marauder  
  42  7:24  Starport  
  42  7:30  Starport  
  42  7:32  Orbital Command  
  42  7:35  Marauder  
  42  7:36  Siege Tank  
  47  7:56  Supply Depot  
  47  7:57  Hi-Sec Auto Tracking  
  47  8:00  Marauder  
  47  8:01  Marine x2  
  51  8:06  Supply Depot  
  51  8:08  Starport Reactor x2  
  51  8:11  Missile Turret  
  51  8:24  Command Center  
  51  8:37  Barracks Reactor  
  51  9:01  Supply Depot  
  51  9:02  Missile Turret  
  51  9:05  Liberator x2  
  51  9:06  Liberator  
  60  9:20  Refinery  
  60  9:36  Bunker  
  60  9:41  SCV  
  60  9:45  Marine x2  
  63  9:47  Marine  
  63  9:48  Marine  
  63  9:51  Marauder  
  67  9:53  SCV  
  68  10:05  SCV, Refinery  
  69  10:36  Viking x4  
  69  10:40  SCV  
  78  10:49  Supply Depot  
  78  10:52  SCV  
  70  11:03  Bunker  
  70  11:10  SCV  
  71  11:19  Armory  
  71  11:22  SCV  
  72  11:32  Sensor Tower  
  72  11:34  SCV  
  73  11:43  Viking x3  
  73  11:44  Viking  
  73  11:45  Fusion Core  
  81  12:22  Missile Turret  
  81  12:33  Missile Turret  
  81  12:35  Planetary Fortress  
  81  12:39  Viking x2  
  81  12:40  Viking x2  
  89  12:45  Missile Turret  
  89  12:49  Thor  
  95  13:12  SCV  
  96  13:24  SCV  
  97  13:36  SCV  
  98  13:48  SCV  
  99  14:00  SCV  
  85  14:12  SCV  
  57  14:44  Viking  
  57  14:45  Viking x3  
  65  15:04  Factory  
  65  15:12  Armory  
  55  16:40  Factory Tech Lab  
  55  16:44  Missile Turret  
  55  16:46  Viking x3  
  61  16:47  Viking  
  63  16:55  Thor  
  63  16:57  Marine x2  
  71  17:12  Thor  
  77  17:19  Terran Vehicle And Ship Armor Level 1  
  77  17:26  Viking x3  
  77  17:27  Viking  
  60  18:10  Viking x3  
  60  18:11  Viking  
  68  18:25  Thor  
  74  18:28  Thor  
  80  18:55  Command Center  
  80  18:57  Missile Turret  
  80  19:00  Missile Turret  
  80  19:01  Viking  
  80  19:02  Viking x3  
  86  19:06  Rapid Reignition System  
  88  19:41  Refinery  
  88  19:42  Refinery  
  88  19:58  Missile Turret  
  88  20:11  SCV  
  89  20:18  Missile Turret  
  89  20:23  SCV  
  90  20:36  SCV  
  90  20:39  Thor  
  97  20:48  SCV  
  98  21:00  SCV  
  99  21:12  SCV  
  100  21:24  SCV  
Show
View Real Time Build Order
Export as new Build Order

NeonXsx Zerg - Winner!

Build Orders: Hatch First 

Get SALT Encoding   

  12  0:05  Drone  
  13  0:10  Drone  
  14  0:37  Hatchery  
  14  0:40  Drone  
  14  0:47  Overlord  
  14  0:53  Extractor  
  14  0:54  Extractor  
  12  0:57  Drone  
  13  1:04  Drone  
  13  1:11  Drone  
  15  1:25  Spawning Pool  
  14  1:28  Drone  
  15  1:42  Drone  
  15  1:44  Overlord  
  16  1:54  Drone  
  17  2:08  Drone  
  17  2:10  Drone  
  17  2:11  Queen, Drone  
  22  2:43  Lair, Drone  
  22  2:44  Drone  
  24  2:58  Drone  
  24  2:59  Drone  
  24  3:01  Extractor  
  24  3:03  Hatchery  
  24  3:04  Extractor  
  23  3:15  Drone  
  23  3:17  Drone  
  23  3:18  Drone  
  26  3:21  Drone x2  
  26  3:24  Overlord  
  28  3:53  Spire  
  27  4:00  Drone x2  
  27  4:01  Drone  
  30  4:16  Drone  
  31  4:27  Spire  
  31  4:30  Drone  
  31  4:41  Drone  
  31  4:43  Drone  
  31  4:44  Drone x2  
  35  4:46  Drone x2  
  37  4:58  Drone  
  38  5:02  Extractor  
  38  5:05  Extractor  
  38  5:06  Zerg Flyer Weapons Level 1, Mutalisk  
  38  5:07  Mutalisk  
  40  5:17  Drone  
  41  5:31  Drone x2  
  41  5:32  Drone  
  44  5:40  Zerg Flyer Armor Level 1  
  44  5:41  Mutalisk x2  
  48  5:46  Mutalisk  
  48  5:49  Overlord  
  50  5:50  Overlord x2  
  50  6:04  Infestation Pit  
  49  6:11  Mutalisk  
  49  6:12  Mutalisk x2  
  55  6:21  Drone x3  
  59  6:25  Drone x2  
  59  6:26  Drone  
  61  6:46  Mutalisk  
  61  6:47  Mutalisk x3  
  61  8:13  Mutalisk x3  
  61  8:16  Overlord x2  
  67  8:38  Hatchery, Mutalisk x3  
  72  8:41  Overlord  
  72  8:42  Overlord  
  72  8:45  Zerg Flyer Weapons Level 2  
  72  8:46  Zerg Flyer Armor Level 2  
  72  8:51  Hive  
  72  9:05  Mutalisk x3  
  78  9:34  Mutalisk x4  
  86  10:07  Mutalisk  
  86  10:08  Mutalisk x2  
  92  11:02  Zerg Flyer Weapons Level 3  
  92  11:03  Zerg Flyer Armor Level 3  
  92  11:05  Mutalisk x4  
  92  11:06  Mutalisk  
  102  11:34  Drone  
  103  12:15  Mutalisk  
  103  12:17  Overlord x3  
  105  12:29  Overseer  
  105  12:52  Mutalisk x6  
  105  12:53  Mutalisk x4  
  125  13:04  Spore Crawler  
  124  13:10  Spore Crawler  
  123  13:20  Overlord x2  
  123  13:23  Overlord x3  
  107  14:44  Mutalisk x2  
  107  14:45  Mutalisk x4  
  83  16:32  Mutalisk x2  
  83  16:33  Mutalisk x7  
  101  17:03  Spore Crawler  
  101  17:07  Mutalisk  
  101  17:08  Mutalisk x4, Spore Crawler  
  104  17:10  Mutalisk x3, Spore Crawler  
  104  17:13  Mutalisk x3  
  111  17:54  Mutalisk x5  
  121  18:51  Hatchery  
  120  19:32  Extractor  
  120  19:35  Extractor  
  118  20:15  Mutalisk  
  118  20:16  Mutalisk x6  
  118  20:17  Mutalisk  
  118  20:18  Mutalisk  
  136  20:23  Greater Spire  
  132  20:47  Drone  
  131  20:57  Drone  
  132  21:05  Mutalisk x2  
  132  21:06  Mutalisk x4  
  144  21:27  Extractor  
Tags
 
Add a new tag
Caveats
  • Supply blocks, unpowered buildings, or Contaminate may cause inaccurate times.
  • Supply counts are checked every 10 seconds.